[Event "4th Tata Steel India Blitz Open 2022"]
[Site "Kolkota"]
[Date "2022.12.03"]
[Round "2.3"]
[White "Maghsoodloo, Parham"]
[Black "Gukesh D"]
[Result "1-0"]
[ECO "C11"]
[WhiteElo "2720"]
[BlackElo "2725"]
[Annotator "TA"]
[PlyCount "77"]
[EventDate "2022.11.29"]
[EventType "tourn"]
[EventCountry "IND"]
[SourceTitle "playchess.com"]
[Source "ChessBase"]
[SourceQuality "1"]
[TimeControl "180+2"]

1. e4 c6 2. d4 d5 3. f3 e6 4. Nc3 Nf6 5. e5 Nfd7 6. f4 c5 7. Nf3 Nc6 8. Be3 Be7 9. Qd2 {[%emt 0:00:07] 9.a3 is the recent fashion.} a6 10. a3 {[%emt 0:00:01] C11: French: Classical System: 4 e5 and 4 Bg5 dxe4.} b5 11. dxc5 Nxc5 12. Qf2 {[%emt 0:00:04] White is slightly better.} Nd7 ({Don't take} 12... Ne4 13. Nxe4 dxe4 14. Rd1 $16) 13. Bd3 Bb7 14. O-O O-O 15. Ne2 {[%emt 0:00:04] [#]} f6 $146 (15... b4 $14) ({Predecessor:} 15... Qc7 16. b4 a5 17. c3 Ba6 18. Kh1 Rfb8 19. Qg3 f5 20. exf6 Bxf6 21. Qh3 Nf8 22. Ng5 Bxg5 23. fxg5 {1-0 (40) Song,J (2312)-Lyell,M (2198) Budapest 2021}) 16. exf6 Nxf6 17. Bc5 (17. Qg3 $16) 17... Bxc5 (17... Ne4 {feels hotter.} 18. Bxe4 dxe4 19. Ng5 Bxg5 20. Bxf8 Bh4) 18. Qxc5 Rc8 19. Qe3 {[%emt 0:00:08] White has more active pieces.} Qd6 20. Ned4 (20. Rae1 {keeps more tension.} Ne4 21. Ng3 Na5 22. Bxe4 dxe4 23. Nxe4 Qxf4 24. Qb6) 20... Nxd4 21. Qxd4 g6 22. Rae1 Rce8 23. g3 Nd7 24. Ne5 (24. Re2 $142) 24... Qc5 $16 25. c3 Qxd4+ 26. cxd4 Nxe5 27. fxe5 Rc8 28. h4 Bc6 ({Better is} 28... Rxf1+ $14 29. Kxf1 Kg7) 29. Rc1 Bd7 (29... Rfd8 $16) 30. Rxf8+ $18 Kxf8 31. Rxc8+ Bxc8 {[%emt 0:00:01][%mdl 4096] Endgame KB-KB} 32. Kf2 Kg7 (32... Ke7 {keeps fighting.} 33. Ke2 Kf7) 33. Ke3 {[%emt 0:00:02] Threatens to win with Kd2.} Bd7 $2 {[%emt 0:00:01] [#]} (33... g5 34. hxg5 h6) 34. a4 $1 bxa4 35. Bxa6 h5 $2 (35... Kh6 36. Kd2 g5) 36. Bd3 Kh6 37. Kd2 g5 38. Kc3 gxh4 39. gxh4 {[%emt 0:00:01] Weighted Error Value: White=0.11 (very precise) /Black=0.54} 1-0

[Event "4th Tata Steel India Blitz Open 2022"]
[Site "Kolkota"]
[Date "2022.12.03"]
[Round "2.4"]
[White "Nihal Sarin"]
[Black "Abdusattorov, Nodirbek"]
[Result "1/2-1/2"]
[ECO "D02"]
[WhiteElo "2670"]
[BlackElo "2713"]
[Annotator "TA"]
[PlyCount "75"]
[EventDate "2022.11.29"]
[EventType "tourn"]
[EventCountry "IND"]
[SourceTitle "playchess.com"]
[Source "ChessBase"]
[SourceQuality "1"]
[TimeControl "180+2"]

1. d4 Nf6 2. Nf3 d5 3. c3 c5 4. dxc5 e6 5. Be3 a5 6. c4 {[%emt 0:00:06] D02: 1 d4 d5 2 Nf3 sidelines, including 2...Nf6 3 g3 and 2...Nf6 3 Bf4.} Na6 7. cxd5 {[%emt 0:00:03] [#]} Qxd5 $146 ({Predecessor:} 7... Nxc5 8. Nc3 Nxd5 9. Nxd5 Qxd5 10. Qxd5 exd5 11. g3 Na4 12. Bd4 Bb4+ 13. Kd1 O-O {½-½ (40) Erigaisi,A (2689)-Van Foreest,J (2680) Abu Dhabi 2022}) 8. Bd4 Bxc5 9. Nc3 Qd8 10. e4 O-O 11. Bxa6 Bxd4 12. Qxd4 Rxa6 13. Rd1 Qxd4 14. Nxd4 Bd7 15. f3 Rc8 16. Kf2 Kf8 17. Rd2 (17. e5 $5 Nd5 18. Nxd5 exd5 19. f4 $14) 17... Be8 18. Rhd1 Rb6 19. Nde2 Ke7 {[%emt 0:00:18] The position is equal.} 20. h4 (20. Rc1 {simplifies} Kf8 21. Nb1 Rbc6 22. Rxc6 Bxc6 23. Rc2) 20... Nd7 21. Nf4 (21. f4 {simplifies} Nc5 22. h5 Na4 23. Nxa4 Bxa4 24. Re1) 21... Rbc6 (21... Kf8 {simplifies} 22. Nd3 Nc5 23. Nxc5 Rxc5 24. g4 Ke7) 22. Nb5 {[%emt 0:00:10] [#] And now Na7 would win.} Rc5 23. Nd6 {[%emt 0:00:08][%cal Od6e8] Black must now prevent Nxe8! Pair of Knights!} R8c7 24. b3 h6 25. Nxe8 Kxe8 26. Nd3 Rc2 27. Ke3 Ke7 28. Rxc2 Rxc2 $11 {[%emt 0:00:01][%mdl 4096] Endgame KRN-KRN} 29. Rd2 Rc7 30. g4 g5 31. hxg5 hxg5 32. Rh2 b5 33. Rh5 Kf6 34. Rh6+ Kg7 35. Rh5 Kf6 36. Rh6+ Kg7 37. Rh5 Kf6 38. Rh6+ {[%emt 0:00:03] Weighted Error Value: White=0.04 (flawless) /Black=0.03 (flawless)} 1/2-1/2

[Event "4th Tata Steel India Blitz Open 2022"]
[Site "Kolkota"]
[Date "2022.12.03"]
[Round "2.5"]
[White "Erigaisi Arjun"]
[Black "Vidit, Santosh Gujrathi"]
[Result "1/2-1/2"]
[ECO "D00"]
[WhiteElo "2718"]
[BlackElo "2724"]
[Annotator "TA"]
[PlyCount "81"]
[EventDate "2022.11.29"]
[EventType "tourn"]
[EventCountry "IND"]
[SourceTitle "playchess.com"]
[Source "ChessBase"]
[SourceQuality "1"]
[TimeControl "180+2"]

1. d4 Nf6 2. Bg5 d5 3. e3 c5 4. Bxf6 gxf6 5. dxc5 e6 6. Nf3 {[%emt 0:00:03] D00: 1 d4 d5: Unusual lines.} Bxc5 7. Be2 Nc6 8. O-O e5 {[%emt 0:00:13] [#]} 9. a3 $146 (9. c4 $5 ) ({Predecessor:} 9. c4 d4 10. exd4 Nxd4 11. Nxd4 Bxd4 12. Qc2 f5 13. Nd2 Qe7 14. Rad1 O-O 15. b4 Qxb4 {½-½ (68) Adams,M (2743)-Kramnik,V (2777) Dortmund 2014}) 9... a6 (9... Rg8 $11) 10. Nbd2 (10. c4 $14) 10... Rg8 (10... O-O $11) 11. Kh1 (11. c4 $1 $14) 11... Be6 12. Rc1 Ba7 (12... e4 $5 13. Ne1 Be7 $11) 13. b4 (13. c4 $11) 13... e4 $15 14. Ne1 f5 {[%emt 0:00:02] Threatens to win with ...d4.} 15. c3 {[%emt 0:00:03] Against d4} h5 16. b5 axb5 17. Bxb5 h4 18. Nb3 Bb8 19. f4 Rxa3 20. Nd4 Bd7 21. Ne2 Qb6 (21... Ra5 {simplifies} 22. Rb1 Ne7 23. Bxd7+ Qxd7 24. Nd4 Ba7) 22. Rb1 Qc5 (22... Qxe3 23. Nc2 (23. Qxd5 Ra5 $11) 23... Qc5 24. Nxa3 Qxa3 25. Qxd5 $18) (22... Ra5 $11 23. Qxd5 (23. Nd4 Qd8 $11) 23... Qxe3) 23. Nc2 $14 {[%emt 0:00:09][%mdl 1024] White has compensation.} Ra2 24. Ncd4 ({White should play} 24. Bxc6 $14 Bxc6 25. Nb4) 24... Bd6 25. Qb3 Rd2 26. Qa4 {[%emt 0:00:03] [#] Strongly threatening Bxc6.} Ke7 27. Bxc6 (27. Nb3 $1 $11 {keeps the balance.} Qxe3 28. Nxd2 Qxd2 29. Rbd1) 27... bxc6 ({Black should try} 27... Bxc6 $17 28. Qb3 (28. Nxf5+ $2 Kf6 $19) 28... Qa3 29. Qxa3 Bxa3) 28. Rb7 $11 {[%emt 0:00:01][%csl LRc6,LRf5] Dancing on a razor blade.} Rxe2 $2 29. Nxe2 $18 Qxe3 (29... Rb8 30. Rfb1 Rxb7 31. Rxb7 Kd8) 30. Qxc6 (30. Nd4 Qd2 31. Rxd7+ (31. Qxc6 $2 Qxg2#) (31. Nxc6+ $2 Kf8 $19) (31. Nxf5+ Ke6 $16) 31... Kxd7 32. Qxc6+ (32. Nxf5 $2 Qxg2#) 32... Ke7 33. Nxf5+ Ke6 34. Qxd6+ (34. Nxh4 Qe2 $11) 34... Kxf5 35. Qe5+ Kg6 $16) 30... Rd8 31. Nd4 Qd3 32. Nxf5+ (32. Ra1 $142 Qxd4 33. cxd4) 32... Ke8 {[%emt 0:00:02][%cal Rd3f1] [#]} 33. Ng7+ (33. Nxd6+ $2 Kf8 34. Qc5 Qxf1+ 35. Qg1 Qxf4 $19) 33... Ke7 34. Rg1 {[%emt 0:00:02] White wants to mate with Nf5+.} h3 $2 (34... e3 35. f5 f6 36. Rxd7+ (36. Ne6 h3 $11) 36... Rxd7) 35. Nf5+ Ke8 36. Ng7+ $2 (36. Qxd6 hxg2+ 37. Rxg2 Qf1+ 38. Rg1 Qf3+ 39. Rg2 Qf1+ 40. Rg1 Qf3+ 41. Rg2 Qf1+ $11) ({White has to play} 36. Nxd6+ $18 Kf8 37. Qb6 (37. Rxd7 hxg2+ 38. Rxg2 Qf1+ 39. Rg1 Qf3+ 40. Rg2 Qf1+ 41. Rg1 Qf3+ 42. Rg2 Qf1+ $11) 37... hxg2+ 38. Rxg2 Qd1+ 39. Qg1 Qxg1+ 40. Kxg1) 36... Ke7 $1 $11 {[%emt 0:00:02] The position is equal.} 37. Rxd7+ Rxd7 38. Nf5+ Kf6 {[%emt 0:00:04] ...hxg2+ is the strong threat.} 39. Qxd7 hxg2+ 40. Rxg2 Qf1+ 41. Rg1 {[%emt 0:00:01] Weighted Error Value: White=0.59/Black=0.21 (precise)} 1/2-1/2

[Event "4th Tata Steel India Blitz Open 2022"]
[Site "Kolkota"]
[Date "2022.12.03"]
[Round "3.1"]
[White "Vidit, Santosh Gujrathi"]
[Black "Nihal Sarin"]
[Result "1-0"]
[ECO "E94"]
[WhiteElo "2724"]
[BlackElo "2670"]
[Annotator "TA"]
[PlyCount "85"]
[EventDate "2022.11.29"]
[EventType "tourn"]
[EventCountry "IND"]
[SourceTitle "playchess.com"]
[Source "ChessBase"]
[SourceQuality "1"]
[TimeControl "180+2"]

1. e4 g6 2. d4 Bg7 3. c4 d6 4. Nc3 Nf6 5. Nf3 O-O 6. Be2 e5 7. O-O Bg4 8. d5 a5 9. Be3 {[%emt 0:00:03] E94: King's Indian: Classical: 6 Be2 e5 7 0-0: Various Black 7th moves.} Na6 10. Nd2 Bd7 11. a3 {[%emt 0:00:15] White is slightly better.} h5 12. h3 {[%emt 0:00:07] Inhibits Ng4.} Nh7 {[%emt 0:00:13] [#]} 13. b4 $146 ({Predecessor:} 13. Qc2 Bf6 14. Nf3 Ng5 15. Qd2 Nxf3+ 16. Bxf3 Nc5 17. Bd1 a4 18. Bc2 b6 19. Rae1 {1-0 (85) Mendonca,L (2551)-Kotronias,V (2465) Hamburg 2022}) 13... axb4 {[%emt 0:00:10] White leaves nothing to chance now.} 14. axb4 {[%emt 0:00:01] And now c5 would win.} Nxb4 {[%emt 0:00:01] [#]} 15. Rxa8 Qxa8 {[%emt 0:00:02] [#]} 16. c5 $1 Na6 17. cxd6 cxd6 18. Nc4 Qb8 19. Qb3 {[%emt 0:00:19] White has more active pieces. The black rooks are badly placed.} Bf6 (19... Nf6 $16) 20. Qb6 $18 Be7 21. Rb1 Rc8 (21... Rd8 {was called for.} 22. Qxb7 Qxb7 23. Rxb7 Nf8 24. Nxe5 dxe5) 22. Qxb7 Qxb7 23. Rxb7 Rc7 24. Rb6 Nc5 25. Nxd6 {[%emt 0:00:08] Strongly threatening Ncb5.} Na4 (25... Nf6 {was worth a try.} 26. Nc4 Ncxe4) 26. Nxa4 ({Not} 26. Rb8+ Nf8 27. Nxa4 Bxd6 $18) 26... Bxa4 27. Nc4 {[%emt 0:00:08] d6 is the strong threat.} Bc5 {[%emt 0:00:02] Prevents d6.} (27... Bf6 {keeps fighting.} 28. Rb8+ Kg7) 28. Rb8+ Kg7 29. d6 Rc6 30. d7 Be7 31. Nb6 (31. d8=Q $142 Bxd8 32. Rxd8) 31... Bc2 $2 (31... Rxb6 32. Rxb6 Bxd7) 32. Nd5 {[%emt 0:00:03] White is clearly winning.} Bh4 33. Rc8 Ba4 34. d8=Q Bxd8 35. Rxd8 Bc2 36. f3 {[%emt 0:00:01] aiming for Ne7.} Nf8 37. Rb8 Ne6 38. Rb6 Rc8 39. h4 Ba4 40. Rb2 Rd8 41. Kf2 Bc6 42. Nb4 Be8 43. Nd3 {[%emt 0:00:01] Weighted Error Value: White=0.50/Black=0.40} 1-0

[Event "4th Tata Steel India Blitz Open 2022"]
[Site "Kolkota"]
[Date "2022.12.03"]
[Round "3.2"]
[White "Rameshbabu, Praggnanandhaa"]
[Black "Maghsoodloo, Parham"]
[Result "1-0"]
[ECO "A07"]
[WhiteElo "2678"]
[BlackElo "2720"]
[Annotator "TA"]
[PlyCount "76"]
[EventDate "2022.11.29"]
[EventType "tourn"]
[EventCountry "IND"]
[SourceTitle "playchess.com"]
[Source "ChessBase"]
[SourceQuality "1"]
[TimeControl "180+2"]

1. Nf3 d5 2. g3 c6 3. Bg2 Bg4 4. O-O Nd7 5. h3 Bh5 6. d3 e5 {[%emt 0:00:05] A07: Réti Opening: New York and Capablanca Systems.} 7. c4 dxc4 8. dxc4 Ngf6 9. Nc3 Bc5 10. Nh4 O-O 11. Qc2 Re8 12. b3 {[%emt 0:00:14] [#]} Bg6 $146 (12... Nf8 {seems wilder.} 13. Rd1 Qc7 14. g4 Bg6) ({Predecessor:} 12... a5 13. Bb2 Qe7 14. Na4 Ba3 15. Bxa3 Qxa3 16. g4 Bg6 17. Nxg6 hxg6 18. c5 g5 {½-½ (41) Panjwani,R (2450)-Steingrimsson,H (2549) New York 2019}) 13. Nxg6 hxg6 14. Bb2 Qe7 15. Rad1 Rad8 16. e3 Ba3 17. Ba1 Bb4 18. Ne4 Nxe4 19. Bxe4 f5 20. Bf3 e4 21. Be2 Bd6 22. Bd4 c5 23. Bc3 Be5 24. Rd5 Bxc3 25. Qxc3 Nf6 26. Rxd8 Rxd8 27. a3 b6 28. b4 g5 29. Rb1 Qc7 30. bxc5 bxc5 ({But not} 30... Qxc5 31. Rb5 Qc8 32. g4 $16) 31. Rb5 f4 32. exf4 gxf4 33. gxf4 Qxf4 {[%emt 0:00:00] [#] And now ...Rd2 would win.} 34. Qe3 {[%emt 0:00:02] Prevents Rd2.} (34. Qg3 {keeps more tension.} Qd2 35. Bf1 Nd7 36. Rb7) 34... Qxe3 35. fxe3 Rd2 36. Kf1 Rc2 37. Ra5 Nd7 38. Ke1 (38. Bg4 $14 Nb6 39. Be6+ (39. Rxc5 Kf7 $16) (39. Rxa7 Nxc4 40. Be6+ Kh7 $11) 39... Kh7 40. Rxc5) 38... Ra2 {[%emt 0:00:04][%mdl 32768] Weighted Error Value: White=0.07 (flawless) /Black=0.07 (flawless) . Loss on time!?} 1-0

[Event "4th Tata Steel India Blitz Open 2022"]
[Site "Kolkota"]
[Date "2022.12.03"]
[Round "3.4"]
[White "So, Wesley"]
[Black "Mamedyarov, Shakhriyar"]
[Result "0-1"]
[ECO "C54"]
[WhiteElo "2760"]
[BlackElo "2741"]
[Annotator "TA"]
[PlyCount "94"]
[EventDate "2022.11.29"]
[EventType "tourn"]
[EventCountry "IND"]
[SourceTitle "playchess.com"]
[Source "ChessBase"]
[SourceQuality "1"]
[TimeControl "180+2"]

1. e4 e5 2. Nf3 Nc6 3. Bc4 Bc5 4. c3 Nf6 5. d3 a6 6. Bg5 h6 7. Bh4 d6 8. a4 {[%emt 0:00:03] C54: Giuoco Piano: 4 c3 Nf6, main lines with 5 d4 and 5 d3.} Ba7 9. Nbd2 Qe7 (9... g5 $5 10. Bg3 O-O $11) 10. b4 {[%emt 0:00:21] [#] White is slightly better.} a5 $1 $146 {[%emt 0:00:00][%mdl 8] A top novelty.} ({Predecessor:} 10... g5 11. Bg3 Nh5 12. h3 Nd8 13. Bh2 g4 14. hxg4 Bxg4 15. b5 a5 16. Rb1 Ne6 17. Bxe6 Qxe6 {0-1 (57) Harikrishna,P (2725)-Cornette,M (2578) Struga 2021}) 11. b5 Nd8 12. O-O Ne6 {[%emt 0:00:09] Against d4} 13. d4 (13. Bb3 {keeps more tension.} Nf4 14. Nc4 O-O 15. Re1) 13... exd4 14. Bxe6 Bxe6 15. Nxd4 (15. cxd4 $14 {is superior.} g5 16. Bg3) 15... g5 $11 16. Bg3 h5 $36 {[%emt 0:00:00][%cal Bh6h5,Bh5h4][%mdl 2080] Threatens to win with ...h4. Black has good play.} 17. f3 h4 18. Bf2 g4 19. Be3 (19. Nf5 $11 Bxf2+ 20. Rxf2 Bxf5 21. exf5 gxf3 22. Qxf3) 19... gxf3 (19... O-O-O {simplifies} 20. Qe1 gxf3 21. Nxe6 Bxe3+ 22. Qxe3 Qxe6 23. Qxf3 Rh6) 20. Bg5 Rg8 21. N2xf3 O-O-O (21... h3 $11) 22. Bxh4 (22. Qc1 $1 $16) 22... Rg4 23. Qd3 Rh8 24. g3 Rhxh4 25. Nxh4 Nxe4 26. Ng2 {[%emt 0:00:12][%mdl 8192] [#]} (26. Nhf3 $11 {and White stays safe.}) 26... Nxc3 $1 $19 27. Nf4 Bxd4+ (27... Qf6 $142 28. Nfxe6 Qxe6) 28. Qxd4 Ne2+ 29. Nxe2 Rxd4 30. Nxd4 {[%emt 0:00:01] [#]} Bd5 $1 31. Rae1 {[%emt 0:00:00] [#] Against Qe3+} Qg5 (31... Be4 $1 $19 {...d5 is the strong threat.} 32. b6 d5 33. bxc7 Kxc7) 32. Rf4 $11 Kd7 33. Nf5 (33. Kf2 {feels hotter.} c5 34. bxc6+ bxc6 35. h4) 33... Be6 34. Ref1 (34. Nd4 $1 $11 {remains equal.}) 34... c6 {[%emt 0:00:05] Hoping for ...cxb5.} 35. bxc6+ ({White should play} 35. h4 Qh5 36. Nd4) 35... bxc6 $17 36. h4 Qg6 37. Kh2 c5 38. g4 c4 (38... Bxf5 $17 39. Rxf5 Qxg4) 39. Kg3 c3 {[%emt 0:00:03] Strongly threatening ...Qf6.} 40. Rd4 $2 (40. h5 $11 Qf6 41. Re1) 40... Bxf5 $19 {[%emt 0:00:02] Black is clearly winning.} 41. Rxf5 {[%emt 0:00:01][%mdl 4096] Endgame KQ-KRR} Qe6 42. Rdf4 c2 {[%emt 0:00:02] ( -> ...Qe1+)} 43. Rf1 {[%emt 0:00:02] Inhibits Qe1+.} Qe3+ 44. R5f3 c1=Q ({Less strong is} 44... c1=R 45. Rxe3 Rxf1 46. h5 $18) 45. Rxc1 Qxc1 46. Rxf7+ Ke6 47. Rf3 d5 {[%emt 0:00:03] Weighted Error Value: White=0.77/Black=0.45} 0-1

[Event "4th Tata Steel India Blitz Open 2022"]
[Site "Kolkota"]
[Date "2022.12.03"]
[Round "3.5"]
[White "Gukesh D"]
[Black "Erigaisi Arjun"]
[Result "0-1"]
[ECO "B70"]
[WhiteElo "2725"]
[BlackElo "2718"]
[Annotator "TA"]
[PlyCount "74"]
[EventDate "2022.11.29"]
[EventType "tourn"]
[EventCountry "IND"]
[SourceTitle "playchess.com"]
[Source "ChessBase"]
[SourceQuality "1"]
[TimeControl "180+2"]

1. e4 c5 2. Nf3 d6 3. d4 cxd4 4. Nxd4 Nf6 5. Nc3 g6 6. g3 Nc6 7. Nde2 Bg7 8. Bg2 Bd7 9. O-O Qc8 10. Nf4 {[%emt 0:00:09] B70: Sicilian Dragon: 6 g3 and 6 Be2 (without a later Be3).} h5 11. h4 Ng4 12. Ncd5 {[%emt 0:00:06] Inhibits g5. The position is equal.} O-O {[%emt 0:00:08] [#]} 13. c3 $146 (13. Nd3 {simplifies} e6 14. Ne3 Nf6 15. c4) ({Predecessor:} 13. Rb1 Rd8 14. c4 e6 15. Ne3 Nxe3 16. Bxe3 Ne5 17. b3 Bc6 18. Qe2 b6 19. Rfd1 {½-½ (33) Gumularz,S (2239)-Fakhrutdinov,T (2305) Porec 2015}) 13... b5 14. a4 bxa4 15. Rxa4 e6 16. Ne3 Nce5 17. Ra2 Rd8 18. Nxg4 ({Much worse is} 18. Qxd6 Bb5 19. Qa3 Bf8 $17) 18... Nxg4 19. Qe2 Qb7 20. Rd1 Bb5 21. c4 Bc6 22. Rd3 {[%emt 0:00:39] [#]} (22. Qc2 $142) 22... a5 $1 $17 23. Rda3 (23. Rd1 $17) 23... a4 ({Better is} 23... Bd4 $19 24. Nd3 e5) 24. Nd3 Bd4 {[%emt 0:00:07] Black is much more active.} 25. Bf4 {[%emt 0:00:08] This costs White the game.} (25. Bd2 $17) 25... e5 $19 26. Bg5 f6 27. Bd2 (27. Be3 $17 {was worth a try.} Bxe4 28. Bxd4 Bxg2 29. Bc3) 27... f5 28. Nb4 $2 (28. Bf3) 28... Bxf2+ 29. Kh1 Bxe4 {[%emt 0:00:06][%csl Gb7][%cal Re4g2] [#]} ({Inferior is} 29... fxe4 30. Nxc6 Qxc6 31. Qxe4 $11) 30. Nd5 Bc5 31. Bxe4 (31. Rc3 $142 Rdb8 32. Be1) 31... fxe4 32. Rxa4 Rxa4 33. Rxa4 Qxb2 34. Ne7+ Kh7 {[%emt 0:00:07] Black mates.} 35. Nxg6 Qd4 36. Qf1 Nf2+ 37. Kg2 Qxd2 {[%emt 0:00:06] Weighted Error Value: White=0.84/Black=0.07 (flawless)} 0-1

[Event "4th Tata Steel India Blitz Open 2022"]
[Site "Kolkota"]
[Date "2022.12.03"]
[Round "4.1"]
[White "Abdusattorov, Nodirbek"]
[Black "Vidit, Santosh Gujrathi"]
[Result "0-1"]
[ECO "C02"]
[WhiteElo "2713"]
[BlackElo "2724"]
[Annotator "TA"]
[PlyCount "285"]
[EventDate "2022.11.29"]
[EventType "tourn"]
[EventCountry "IND"]
[SourceTitle "playchess.com"]
[Source "ChessBase"]
[SourceQuality "1"]
[TimeControl "180+2"]

1. e4 e6 2. d4 d5 3. e5 c5 4. c3 Nc6 5. Nf3 Bd7 6. Be3 Nge7 7. Bd3 cxd4 8. cxd4 Nb4 9. Be2 Nf5 10. O-O Be7 11. Nc3 O-O 12. a3 Nc6 13. Bd3 Nxe3 14. fxe3 f6 15. exf6 Rxf6 16. Qe2 Qb6 17. Rf2 Raf8 18. Raf1 Be8 19. Qc2 h6 20. Ne2 Bd6 21. b4 a6 22. h3 Qd8 23. Qd2 Bb8 24. Bb1 Qe7 25. g3 g5 26. Kg2 Qd6 27. Nh2 Rxf2+ 28. Rxf2 Rxf2+ 29. Kxf2 Qf8+ 30. Kg2 Ne7 31. Ng4 Nf5 32. Ne5 Bxe5 33. dxe5 Bb5 34. Bd3 Bxd3 35. Qxd3 Kg7 36. Qc3 Qf7 37. Ng1 Ne7 38. g4 Nc6 39. Nf3 Qg6 40. Kf2 Qe4 41. Qc5 Nxe5 42. Qc7+ Nf7 43. Qxb7 e5 44. Qxa6 Qc2+ 45. Qe2 (45. Kf1 {with more complications.} d4 46. exd4 e4 47. Qe2) 45... Qb3 (45... Qc3 {seems wilder.} 46. Qa2 d4 47. exd4 e4) 46. Qd2 (46. b5 {keeps more tension.} Nd6 47. Nxe5 Nxb5 48. Qd3) 46... Qxa3 47. Qxd5 Qxb4 48. Nd2 (48. Nxe5 $2 Qb2+ 49. Kf1 Qxe5 $19) 48... Qd6 49. Qa5 Qd3 50. Nf3 Kf6 51. Qb6+ Ke7 52. Qc7+ Ke6 $2 {[%emt 0:00:02][%mdl 8192] [#]} (52... Qd7 $11 53. Qc4 Kf6) 53. Qc8+ $2 (53. Qxf7+ $1 Kxf7 (53... Kd6 54. Qf8+) 54. Nxe5+ Ke6 55. Nxd3 Kf6 56. Kf3 Kg6 57. Ke4 Kf7 58. Kd5) 53... Ke7 $11 54. Qc5+ Kf6 55. Qb6+ Ke7 56. Kg3 Qd6 57. Qa7+ Kf6 58. Kg2 Qc6 59. Kf2 Nd6 60. Qa2 (60. Qh7 $2 Ne4+ $19) 60... Ne4+ 61. Kg2 Qb6 62. Qe2 Qc5 63. Ne1 Nd6 64. Qf3+ Ke7 65. Kf1 Qc4+ 66. Kg1 e4 67. Qg3 Qe2 68. Qe5+ Kd7 69. Ng2 Qf3 70. Qg7+ (70. Qd5 $2 Qxh3 71. Qe5 Qxg4 72. Qg7+ Ke6 73. Qxh6+ Ke7 $17) 70... Nf7 71. Qd4+ Ke6 72. Kh2 Ke7 73. Qd5 Kf6 74. Qd4+ Kg6 75. Qb6+ Kg7 76. Qb2+ Kh7 77. Qd2 Qf6 78. Qd5 Qf3 79. Kg1 Kg7 80. Qe6 Qxh3 81. Qxe4 Qg3 82. Kf1 Ne5 83. Qb7+ Kf6 84. Qb6+ Ke7 85. Qc7+ (85. Qxh6 Qf3+ 86. Ke1 Nf7 $15) 85... Ke6 86. Qb6+ $1 Kd7 87. Qxh6 Qf3+ 88. Ke1 Qxg2 89. Qg7+ Ke6 90. Qg8+ $2 (90. Qh6+ $11 Kd5 91. Qxg5) 90... Nf7 $1 91. Qc8+ {[%emt 0:00:03] [#]} Kf6 $1 92. Qc3+ Kg6 93. Qd3+ Kg7 94. Qd4+ Kf8 95. Qc5+ Ke8 $2 ({Black should try} 95... Kg8 $19 96. Qc4 Qg3+ 97. Ke2 Kg7 98. Qd4+ Qe5) 96. Qc8+ $2 (96. Qb5+ $1 $11 {and White is okay.} Kf8 97. Qc5+ Kg7 98. Qd4+ Kg8 99. Kd1) 96... Ke7 $2 (96... Nd8 $19 {White must now prevent ...Qf3.} 97. Qc4 Qg3+ 98. Ke2 Nf7 99. Qe6+ Kf8) 97. Qc7+ $11 Kf6 98. Qb6+ Ke5 (98... Kg7 $2 99. Qd4+ Kg8 100. Kd1 $19) 99. Qd4+ $2 (99. Qb8+ $11 Ke6 100. Qc8+ Kf6 101. Qa6+ Ke7 102. Qa7+ Ke6 103. Qb8) 99... Ke6 $19 100. Qb6+ Nd6 101. Qb3+ Qd5 102. Qb8 Kd7 103. Qa7+ Qb7 104. Qa4+ Qb5 (104... Ke6 $142 105. Kf2 Qb2+ 106. Kf3 Qb5 107. Qa1 Qd5+ 108. Kf2 Ne4+ 109. Kg1 Qd3 110. Qa2+ Kd6 111. Qh2+ Kc6 112. Qa2 Qxe3+ 113. Kh2 Qd2+ 114. Qxd2 Nxd2 115. Kg2 Kd5 116. Kh3 Ke4 117. Kg3 Nc4 118. Kg2 Kf4 119. Kg1 Ne3 120. Kf2 Nxg4+ 121. Kf1 Ne3+ 122. Ke2 g4 123. Kd3 g3 124. Kd4 g2 125. Kc5 g1=Q 126. Kd6 Ke4 127. Ke7 Qg7+ 128. Kd6 Nd5 129. Kc5 Qc7+ 130. Kb5 Qb6+ 131. Kc4 Qb4#) 105. Qd4 Ke6 (105... Qb1+ $142 106. Kf2 Qe4) 106. Kf2 Qe5 107. Qa4 Qb2+ 108. Kf3 Qb7+ 109. Kf2 Ne4+ 110. Kg1 Qb1+ 111. Kg2 Qb2+ 112. Kf3 {[%emt 0:00:01] [#]} Nd2+ (112... Qe2+ $142 $3 113. Kxe2 Nc3+ 114. Kf2 Nxa4 115. Kg2 Ke5 116. Kf2 Ke4 117. Kg2 Nb2 118. Kh1 Kxe3 119. Kg2 Nd3 120. Kg3 Ke4 121. Kg2 Kf4 122. Kh3 Kf3 123. Kh2 Kxg4 124. Kg2 Kf4 125. Kh1 Kf3 126. Kg1 g4 127. Kh1 g3 128. Kg1 g2 129. Kh2 Nf4 130. Kg1 Nh3+ 131. Kh2 g1=Q+ 132. Kxh3 Qh1#) 113. Ke2 Nc4+ 114. Kd3 Ne5+ 115. Ke4 Qg2+ (115... Nxg4 116. Qe8+ Kd6 117. Qd8+ Ke6 118. Qe8+ Kd6 119. Qd8+ Ke6 120. Qe8+ $11) 116. Kd4 Qxg4+ 117. e4 Qg1+ 118. Kc3 Qc5+ 119. Kd2 g4 120. Qe8+ Qe7 121. Qg8+ Qf7 122. Qc8+ Kf6 $2 (122... Qd7+ {mates} 123. Qxd7+ Nxd7 124. Ke3 Ke5 125. Ke2 Nc5 126. Kf2 Nxe4+ 127. Kg2 Kf4 128. Kf1 g3 129. Kg2 Kg4 130. Kf1 Kf3 131. Ke1 g2 132. Kd1 g1=Q+ 133. Kc2 Qb6 134. Kc1 Ke3 135. Kc2 Nd2 136. Kd1 Qb1#) 123. Ke3 $2 (123. Qf5+ $11 Kg7 124. Qxe5+ Kg6 125. Qd6+ Kh5 126. Qh2+ Kg6 127. Qd6+ Kh5 128. Qh2+ Kg6 129. Qd6+) 123... Qb3+ 124. Kf2 Qf3+ 125. Kg1 Qe3+ 126. Kf1 Qxe4 127. Qf8+ Nf7 128. Qg8 Qf4+ 129. Kg2 Qf3+ 130. Kh2 Qf2+ 131. Kh1 Qf1+ (131... g3 132. Qxf7+ Kxf7 $11) 132. Kh2 Qh3+ 133. Kg1 Qh5 ({Weaker is} 133... g3 134. Qxf7+ Ke5 135. Qd5+ Kf4 136. Qc4+ Ke5 137. Qc5+ Kf4 138. Qc4+ (138. Qc1+ Ke5 $11) 138... Ke3 139. Qc3+ Ke4 140. Qc6+ Ke5 141. Qc5+ (141. Qg2 Qh6 $11) 141... Kf6 142. Qc6+ Qe6 143. Qxe6+ Kxe6 144. Kh1 $11) 134. Qc8 Ne5 135. Qf8+ Ke6 136. Qc8+ Kd5 137. Qb7+ Kd4 138. Qb4+ Ke3 139. Qc3+ Kf4 140. Qc1+ Kf5 141. Qc8+ Kg5 142. Qc1+ Kg6 143. Qc8 0-1